 Dungeon Crawl Stone Soup version 0.31-a0-271-gb88eb75e06 (webtiles) character file.

Game seed: 7559784722612364604

61 HallandMoats the Trooper (level 3, -3/45 HPs)
             Began as a Demonspawn Fighter on July 15, 2023.
             Was a Follower of Qazlal.
             Slain by an orc
             ... wielding a +0 trident of venom
              (7 damage)
             ... on level 3 of the Dungeon.
             The game lasted 00:02:39 (2240 turns).

HallandMoats the Trooper (Demonspawn Fighter)       Turns: 2240, Time: 00:02:40

Health: -3/45      AC:  7    Str: 18    XL:     3   Next: 83%
Magic:  3/3        EV:  9    Int:  9    God:    Qazlal [*.....]
Gold:   87         SH:  6    Dex: 12    Spells: 2/2 levels left

rFire   . . .        g - +0 mace (drain)
rCold   . . .        c - +0 buckler
rNeg    . . .        b - +0 scale mail
rPois   .            (helmet restricted)
rElec   .            (no cloak)
rCorr   .            m - +0 pair of gloves
SInv    .            (no boots)
Will    .....        (no amulet) Stlth
                     (no ring)
HPRegen 0.27/turn    (no ring)
MPRegen 0.08/turn

%: no passive effects
@: berserking, lethally poisoned (-3 -> -8), very quick
A: antennae 1, powered by death 1
a: Renounce Religion


You were on level 3 of the Dungeon.
You worshipped Qazlal.
Qazlal was aware of your devotion.
You visited 1 branch of the dungeon, and saw 3 of its levels.

You collected 87 gold pieces.

Inventory:

Hand Weapons
 a - a +0 war axe
 g - a +0 mace of draining (weapon)
Armour
 b - a +0 scale mail (worn)
 c - a +0 buckler (worn)
 m - a +0 pair of gloves (worn)
Wands
 n - a wand of charming (6)
Scrolls
 e - a scroll of immolation {unknown}
 h - a scroll of blinking {unknown}
 i - a scroll of vulnerability {unknown}
 j - a scroll of fear {unknown}
 o - a scroll of identify {unknown}
Potions
 d - 3 potions of might
 f - a potion of attraction {unknown}
 k - a potion of berserk rage
 l - 2 potions of curing {unknown}


   Skills:
 * Level 3.8 Fighting
 * Level 2.7 Axes
 - Level 2.6 Armour
 + Level 3.1 Shields


You had 2 spell levels left.
You didn't know any spells.
Your spell library was empty.

Dungeon Overview and Level Annotations

Branches:
Dungeon (3/15)

Altars:
Nemelex Xobeh
Qazlal


Innate Abilities, Weirdness & Mutations

You have a pair of small antennae on your head.
You regenerate a little health from kills.


Message History

There are monsters nearby!
You barely miss the ball python.
The ball python bites you but does no damage.
You block the ball python's attack. x2; The ball python grabs you.
The ball python constricts you.
You closely miss the ball python. The ball python bites you.
The ball python constricts you. The ball python barely misses you.
The ball python constricts you.
You hit the ball python. You drain the ball python.
You kill the ball python!
Qazlal accepts your kill. You block the orc's attack.
You closely miss the orc. The orc misses you.
The orc hits you from afar with a +0 trident of venom.
You are poisoned.
You hit the orc.
The orc is heavily wounded.
You feel very sick. The orc hits you with a +0 club.
The orc hits you but does no damage.
You are lethally poisoned!
You barely miss the orc.
The orc is heavily wounded.
You feel very sick. You block the orc's attack. The orc barely misses you.
The orc hits you but does no damage.
* * * LOW HITPOINT WARNING * * *
You feel very sick. The orc closely misses you.
The orc hits you but does no damage.
You barely miss the orc.
* * * LOW HITPOINT WARNING * * *
You feel very sick. The orc closely misses you. You block the orc's attack.
It was a potion of berserk rage.
A red film seems to cover your vision as you go berserk!
You feel yourself moving faster!
You feel mighty!
* * * LOW HITPOINT WARNING * * *
You feel sick. The orc hits you with a +0 club.
* * * LOW HITPOINT WARNING * * *
The orc hits you with a +0 trident of venom!
You die...

# ####### # ##.....#
## #
##.###..######... ##
#..###..#.......o .#
#..#....#...o######
.#
#..#.#..#.####o...#
.#
#..#.#..#...o@....#
##
#.......#....####.#
##[#.#########....#
#.#.# #.........#
#.#.####...)######
#.#....#.########
#####.####.#..#.....#
.)............#.....#
...........##.......#


You could see 2 orcs.

Vanquished Creatures
  2 adders (D:2)
  An orc (D:3)
  9 bats
  4 endoplasms
  2 giant cockroaches
  3 goblins
  3 hobgoblins
  7 kobolds
  5 ball pythons
  3 frilled lizards
  4 rats
43 creatures vanquished.

Notes
Turn   | Place    | Note
-------+----------+-------------------------------------------
     0 | D:1      | HallandMoats the Demonspawn Fighter began the quest for the
                  | Orb.
     0 | D:1      | Reached XP level 1. HP: 18/18 MP: 1/1
   215 | D:1      | Gained mutation: You have a pair of small antennae on your
                  | head. [demonic ancestry]
   215 | D:1      | Reached XP level 2. HP: 24/24 MP: 2/2
  1042 | D:2      | Gained mutation: You regenerate a little health from kills.
                  | [demonic ancestry]
  1042 | D:2      | Reached XP level 3. HP: 29/29 MP: 3/3
  1567 | D:2      | Found a sparkling altar of Nemelex Xobeh.
  1893 | D:2      | Found a faded altar of an unknown god.
  1944 | D:2      | Prayed at the altar of an unknown god.
  1944 | D:2      | Became a worshipper of Qazlal Stormbringer
  1944 | D:2      | Reached * piety under Qazlal
  2240 | D:3      | Slain by an orc

Illustrated notes

Levels and vault maps discovered:
D:1:      nzn_arrival_water_spiral, layout_loops_ring, minmay_crystal_water
D:2:      layout_basic, basic_altar, shapermc_ecumenical_altar_hornbeckon
D:3:      minmay_angry_zag, layout_loops_cross, marbit_many_paths

Skill      XL: |  1  2 |
---------------+-------+-----
Axes           | 2 |  2.7
Shields        | 3 |  3.1
Fighting       | |  3.8
Armour         | |  2.6

Action                     || total
---------------------------++-------
  Melee: Mace              ||   104
         War axe           ||    10
    Use: Potion            ||     1
 Armour: Scale mail        ||    54
  Dodge: Dodged            ||    62
  Block: Buckler           ||    29

Table legend: (Time is in decaauts)
 A = Elapsed time spent in this place.
 B = Non-inter-level travel time spent in this place.
 C = Inter-level travel time spent in this place.
 D = Time resting spent in this place.
 E = Time spent auto-exploring this place.
 F = Levels seen in this place.
 G = Mean time per level.
                   A        B        C        D        E       F      G
               +--------+--------+--------+--------+--------+-----+--------+
         Total |   2297 |   2172 |    125 |     33 |   1707 |   3 |  765.7 |
       Dungeon |   2297 |   2172 |    125 |     33 |   1707 |   3 |  765.7 |
               +--------+--------+--------+--------+--------+-----+--------+

Top non-repeatable levels by time:
     D:2: 1164 daAuts
     D:1: 893 daAuts
     D:3: 239 daAuts
